 Dungeon Crawl Stone Soup version 0.30.0-2-g1aa4bd4387 (webtiles) character file.

Game seed: 14634469700164540724

4018 Hexicom the Frost Mage (level 10, -2/81 HPs)
             Began as a White Draconian Fire Elementalist on May 7, 2023.
             Was an Initiate of Vehumet.
             Slain by a yak (3 damage)
             ... on level 10 of the Dungeon.
             The game lasted 01:25:49 (13820 turns).

Hexicom the Frost Mage (DrFE)                      Turns: 13820, Time: 01:25:50

Health: -2/81      AC: 13    Str: 11    XL:     10   Next: 3%
Magic:  0/19       EV: 12    Int: 19    God:    Vehumet [......]
Gold:   464        SH:  0    Dex: 12    Spells: 6/21 levels left

rFire   . . .        u - +3 spear
rCold   + . .        (no shield)
rNeg    . . .        (body armour unavailable)
rPois   .            (helmet restricted)
rElec   .            g - +2 cloak
rCorr   +            e - +2 pair of gloves
SInv    .            (no boots)
Will    .....        f - amulet of guardian spirit
Stlth   ++           c - ring of resist corrosion
HPRegen 0.33/turn    (no ring)
MPRegen 0.16/turn

%: guardian spirit
@: lethally poisoned (-2 -> -4)
A: breathe frost, AC +7, unfitting armour, cold resistance 1, cold-blooded
a: Breathe Frost, Renounce Religion


You were on level 10 of the Dungeon.
You worshipped Vehumet.
Vehumet was noncommittal.
You visited 2 branches of the dungeon, and saw 11 of its levels.

You collected 464 gold pieces.

Inventory:

Hand Weapons
 u - a +3 spear (weapon)
Missiles
 h - 23 stones (quivered)
 o - 11 poisoned darts
Armour
 e - a +2 pair of gloves (worn)
 g - a +2 cloak (worn)
Magical Staves
 m - a staff of earth
Jewellery
 c - a ring of resist corrosion (left hand)
 f - an amulet of guardian spirit (around neck)
Wands
 l - a wand of mindburst (10)
Scrolls
 d - 2 scrolls of enchant armour
 i - a scroll of blinking {unknown}
 q - 3 scrolls of identify
 s - a scroll of torment {unknown}
Potions
 a - 2 potions of might {unknown}
 b - a potion of lignification {unknown}
 j - 3 potions of attraction {unknown}
 k - a potion of flight
 p - a potion of brilliance {unknown}
 r - 2 potions of haste {unknown}
Miscellaneous
 t - a piece from Xom's chessboard (5/15)


   Skills:
 + Level 5.5 Fighting
 - Level 1.7 Dodging
 - Level 1.7 Stealth
 * Level 6.0 Spellcasting
 - Level 5.7 Conjurations
 + Level 6.4 Fire Magic
 + Level 9.2 Ice Magic


You had 6 spell levels left.
You knew the following spells:

 Your Spells              Type           Power      Damage    Failure   Level
a - Foxfire               Conj/Fire      100%       2x1d9     1%          1
b - Scorch                Fire           60%        2d8       1%          2
c - Hailstorm             Conj/Ice       34%        3d9       1%          3
d - Volatile Blastmotes   Fire/Tloc      34%        2d12      9%          3
e - Flame Wave            Conj/Fire      28%        2d9       9%          4
f - Blink                 Tloc           10%        N/A       17%         2

Your spell library contained the following spells:

 Spells                   Type           Power      Damage    Failure   Level
 Ensorcelled Hibernation  Hex/Ice        46%        N/A       2%          2
 Momentum Strike          Conj/Tloc      32%        3d8       5%          2
 Inner Flame              Hex/Fire       17%        N/A       9%          3
 Sticky Flame             Conj/Fire      28%        2d5       9%          4
 Lesser Beckoning         Tloc           10%        N/A       17%         2
 Ice Form                 Ice/Tmut       23%        N/A       17%         4
 Spider Form              Tmut/Pois      5%         N/A       32%         3
 Summon Guardian Golem    Hex/Summ       5%         N/A       32%         3
 Tukima's Dance           Hex            5%         N/A       32%         3
 Anguish                  Hex/Necr       2%         N/A       73%         4
 Cause Fear               Hex            2%         N/A       73%         4
 Passage of Golubria      Tloc           5%         N/A       73%         4
 Simulacrum               Ice/Necr       11%        N/A       95%         6
 Yara's Violent Unravell  Hex/Tmut       2%         3d3       97%         5
 Dragon Form              Tmut           2%         N/A       100%        7
 Orb of Destruction       Conj           13%        9d7       100%        7
 Spellforged Servitor     Conj/Summ      8%         N/A       100%        7
 Dragon's Call            Summ           2%         N/A       100%        9


Dungeon Overview and Level Annotations

Branches:
Dungeon (10/15)            Temple (1/1) D:7
   Lair: D:8-11         Orc: D:9-12

Altars:
Ashenzari
Cheibriados
Dithmenos
Elyvilon
Fedhas
Gozag
Hepliaklqana
Kikubaaqudgha
Makhleb
Nemelex Xobeh
Okawaru
Qazlal
Ru
Sif Muna
Trog
Vehumet
Wu Jian
Xom
Yredelemnul
Zin
The Shining One

Shops:
D:7 *   D:8 :

Annotations:
D:5 2 transporters, ciphuk's ghost, novice OpBe


Innate Abilities, Weirdness & Mutations

You can breathe waves of freezing cold which knock back foes.
Your icy white scales are hard. (AC +7)
You cannot fit into any form of body armour.
Your flesh is cold resistant. (rC+)
You are cold-blooded and may be slowed by cold attacks.


Message History

The yak closely misses you.
Okay, then.
You feel better.
The yak closely misses the yak.
The yak barely misses you.
There is a stone staircase leading down here.
The yak gores something.
The yak completely misses you.
The kobold brigand throws a poisoned dart.
The poisoned dart hits you!
You are poisoned.
You climb downwards.
Reactivating autopickup.
You feel very sick. The yak gores you!
* * * LOW HITPOINT WARNING * * *
There is a stone staircase leading up, spattered with blood here.
Okay, then.
Casting: Blink (safe; 17% risk of failure)
Confirm with . or Enter, or press ? or * to list all spells.
Okay, then.
The yak attacks as you move away! The yak gores you but does no damage.
You feel sick.
You puncture the yak!
The yak is heavily wounded.
You feel sick. The yak barely misses you. x2
You hit the yak but do no damage. You tail-slap the yak.
The yak is heavily wounded.
You feel sick. The yak closely misses you.
Something gores you but does no damage.
Deactivating autopickup; reactivate with Ctrl-A.
The yak barely misses you.
You hit the yak. You punch the yak.
The yak is severely wounded.
You feel sick. The yak misses you. Something gores you.
* * * LOW HITPOINT WARNING * * *
The yak gores you but does no damage.
You hit the yak.
The yak is severely wounded.
You feel sick. The yak gores you.
* * * LOW HITPOINT WARNING * * *
Something gores you.
You die...

###+###
#.....#
#.....#
+.....#
#.....#
#.....#
#..@Y.#
#...Y.#
#.....#
#.....#
#.....#
###+###


You could see 2 yaks.

Vanquished Creatures
  Pikel (D:4)
  Joseph (D:7)
  Grinder (D:5)
  2 steam dragons
  Edmund (D:5)
  A water moccasin (D:8)
  An orc warrior (D:6)
  2 sky beasts
  A black bear (D:5)
  An ice beast (D:7)
  2 ogres
  A centaur (D:5)
  2 lemures (D:5)
  A phantom (D:6)
  4 bullfrogs
  3 scorpions
  5 wights (D:8)
  2 howler monkeys
  2 jellies (D:4)
  6 hounds
  Crazy Yiuf (D:5)
  5 orc priests
  A gnoll bouda (D:5)
  4 sleepcaps
  3 iguanas
  4 orc wizards
  12 gnolls
  5 adders
  A shadow imp (D:5)
  A white imp (D:8)
  A dart slug (D:1)
  17 orcs
  8 ball pythons
  6 bats
  8 endoplasms
  3 giant cockroaches
  8 hobgoblins
  4 jackals (D:1)
  3 quokkas
  7 frilled lizards
  2 goblins
  10 kobolds
  6 rats
160 creatures vanquished.

Vanquished Creatures (collateral kills)
  A foxfire (D:1)
1 creature vanquished.

Vanquished Creatures (others)
  A jelly (D:2)
  257 foxfires
258 creatures vanquished.

Grand Total: 419 creatures vanquished

Notes
Turn   | Place    | Note
-------+----------+-------------------------------------------
     0 | D:1      | Hexicom the Draconian Fire Elementalist began the quest for
                  | the Orb.
     0 | D:1      | Reached XP level 1. HP: 14/14 MP: 3/3
   200 | D:1      | Reached XP level 2. HP: 22/22 MP: 1/5
   581 | D:1      | Reached XP level 3. HP: 20/27 MP: 2/6
   603 | D:1      | Reached skill level 1 in Fighting
   676 | D:1      | Learned a level 2 spell: Scorch
  1796 | D:2      | Identified the +8 whip "Hitoint" {heavy, Dex+2}
  1944 | D:2      | Reached XP level 4. HP: 35/35 MP: 3/7
  3493 | D:3      | Found a hazy altar of Hepliaklqana.
  3693 | D:3      | Found a broken altar of Ashenzari.
  4093 | D:4      | Reached XP level 5. HP: 24/41 MP: 0/9
  4356 | D:4      | Noticed a steam dragon
  4402 | D:4      | Found an ornate altar of the Wu Jian Council.
  4625 | D:4      | Noticed an ogre
  4700 | D:4      | Found an iron altar of Okawaru.
  5256 | D:5      | Entered Level 5 of the Dungeon
  5297 | D:5      | Noticed a black bear
  5317 | D:5      | Reached XP level 6. HP: 50/50 MP: 5/10
  5523 | D:5      | Noticed ciphuk's ghost (novice OpBe)
  5526 | D:5      | Found a transporter.
  5530 | D:5      | Found a transporter.
  5668 | D:5      | Reached skill level 5 in Fire Magic
  5687 | D:5      | Noticed Pikel
  6359 | D:5      | Noticed Edmund
  6621 | D:4      | Your scales start taking on an icy white colour.
  6621 | D:4      | Reached XP level 7. HP: 57/57 MP: 4/12
  6621 | D:4      | Gained mutation: Your flesh is cold resistant. (rC+) [White
                  | Draconian growth]
  6715 | D:4      | Learned a level 3 spell: Hailstorm
  6902 | D:4      | Killed a steam dragon
  6903 | D:4      | Reached skill level 1 in Ice Magic
  6968 | D:4      | Killed Pikel
  6969 | D:4      | Reached skill level 5 in Conjurations
  6969 | D:4      | Reached skill level 5 in Fire Magic
  6969 | D:4      | Reached skill level 4 in Ice Magic
  6969 | D:4      | Reached XP level 8. HP: 58/66 MP: 2/13
  7460 | D:5      | Found a runed translucent door.
  7461 | D:5      | Noticed Crazy Yiuf
  7468 | D:5      | Killed Crazy Yiuf
  7608 | D:5      | Killed Edmund
  7609 | D:5      | Reached skill level 5 in Ice Magic
  7797 | D:5      | Found a glowing golden altar of the Shining One.
  7863 | D:5      | Noticed Grinder
  8026 | D:5      | Paralysed by Grinder for 2 turns
  8032 | D:5      | Paralysed by Grinder for 3 turns
  8036 | D:5      | Paralysed by Grinder for 4 turns
  8055 | D:5      | Paralysed by Grinder for 4 turns
  8063 | D:5      | Killed Grinder
  8206 | D:5      | Reached skill level 5 in Fighting
  8401 | D:5      | Reached skill level 6 in Ice Magic
  8714 | D:5      | Learned a level 3 spell: Hailstorm
  8885 | D:6      | Found a basalt altar of Yredelemnul.
  8925 | D:6      | Reached XP level 9. HP: 68/74 MP: 8/14
  9146 | D:6      | Reached skill level 7 in Ice Magic
  9427 | D:6      | Found a shadowy altar of Dithmenos.
 10320 | D:7      | Learned a level 3 spell: Volatile Blastmotes
 10325 | D:7      | Learned a level 4 spell: Flame Wave
 10327 | D:7      | Found Gozag's Platinum Reserve.
 10329 | D:7      | Found an opulent altar of Gozag.
 10396 | D:7      | Found a staircase to the Ecumenical Temple.
 10408 | Temple   | Entered the Ecumenical Temple
 10664 | Temple   | Became a worshipper of Ru the Awakened
 11079 | D:7      | Found a shimmering blue altar of Sif Muna.
 11096 | D:7      | Found an ancient bone altar of Kikubaaqudgha.
 11101 | D:7      | Reached skill level 8 in Ice Magic
 11104 | D:7      | Found a radiant altar of Vehumet.
 11137 | D:7      | Fell from the grace of Ru
 11137 | D:7      | Became a worshipper of Vehumet
 11284 | D:7      | Noticed Joseph
 11659 | D:7      | Killed Joseph
 11660 | D:7      | Reached skill level 5 in Spellcasting
 11909 | D:8      | Learned a level 2 spell: Blink
 12083 | D:8      | Reached skill level 9 in Ice Magic
 13238 | D:8      | Found Naggetekh's Book Shop.
 13449 | D:8      | Reached XP level 10. HP: 79/80 MP: 11/18
 13787 | D:10     | Entered Level 10 of the Dungeon
 13802 | D:9      | Found a white marble altar of Elyvilon.
 13820 | D:10     | HP: 1/81 [yak (5)]
 13820 | D:10     | Slain by a yak

Illustrated notes

Levels and vault maps discovered:
D:1:      psy_arrival_fountain, layout_basic, kennysheep_decorative_pillar
D:2:      layout_loops_corners, lemuel_flame_loot_1
D:3:      layout_loops_corners, nicolae_ashenzari_skybound,
          nicolae_hepliaklqana_hazy_memory
D:4:      layout_cave_pods, mainiacjoe_overflow_boulevard,
          mainiacjoe_overflow_concentric_impassable
D:5:      layout_loops_ring, kennysheep_mini, gammafunk_ghost_hive,
          hangedman_glass_teeth, uniq_crazy_yiuf_cottage, uniq_pikel,
          uniq_grinder, uniq_edmund
D:6:      layout_basic, mainiacjoe_overflow_alcove_2,
          nicolae_dithmenos_the_darkroom, minmay_misc_feat_square
D:7:      layout_basic, palyth_temple_overflow_mages,
          nicolae_gozag_zags_fifth_avenue, minmay_temple_entry_purple_smoke,
          uniq_joseph
D:8:      layout_loops_cross, serial_shops, nicolae_shop_back_alley_shop
D:9:      layout_roguey, elyvilon_altar_1
D:10:     layout_roguey, nicolae_uskayaw_suspiria,
          grunt_lair_entry_orc_guard_hut, bh_circular_ruins, uniq_maggie
Temple:   nicolae_temple_figure_zero

Skill      XL: |  1  2  3  4  5  6  7  8  9 10 |
---------------+-------------------------------+-----
Fighting       | 1 2 3 4 5 |  5.5
Conjurations   | 2 3 4 5 |  5.7
Fire Magic     | 4 4 5 6 |  6.4
Spellcasting   | 3 5 6 |  6.0
Ice Magic      | 4 6 9 |  9.2
Dodging        | |  1.7
Stealth        | |  1.7

Action                     |  1- 3 |  4- 6 |  7- 9 | 10-12 || total
---------------------------+-------+-------+-------+-------++-------
  Melee: Unarmed           |    15 |       |       |       ||    15
         Tailslap          |     5 |     6 |     9 |     1 ||    21
         War axe           |    27 |       |       |       ||    27
         Staff             |       |    47 |       |       ||    47
         Punch             |       |     1 |       |     1 ||     2
         Quarterstaff      |       |       |    51 |       ||    51
         Spear             |       |       |     7 |     4 ||    11
  Throw: Stone             |     7 |    25 |    11 |       ||    43
         Dart              |       |    20 |    57 |       ||    77
         Throwing net      |       |       |     1 |       ||     1
   Cast: Foxfire           |    42 |    58 |    65 |     1 ||   166
         Scorch            |     9 |    35 |    96 |     1 ||   141
         Hailstorm         |       |       |     6 |     1 ||     7
         Blink             |       |       |     4 |     1 ||     5
         Volatile Blastmot |       |       |     2 |       ||     2
         Flame Wave        |       |       |     1 |     1 ||     2
Ability: Breathe Frost     |       |       |     9 |       ||     9
  Evoke: Wand              |       |     1 |     9 |       ||    10
         Piece from Xom's  |       |       |       |    10 ||    10
    Use: Scroll            |       |     9 |     6 |       ||    15
         Potion            |       |     4 |     3 |     1 ||     8
 Armour: Skin              |    28 |    97 |    56 |    20 ||   201
  Dodge: Dodged            |    45 |   115 |    87 |    25 ||   272
